[Event "*** Titled Tuesday Blitz"]
[Site "Chess.com"]
[Date "2019.10.01"]
[Round "2"]
[White "LaStreetCmaMaison"]
[Black "djano"]
[Result "0-1"]
[WhiteElo "2630"]
[BlackElo "2366"]
[TimeControl "180+2"]
[EndTime "13:28:49 PDT"]
[Termination "djano won on time"]

1. b3 Nf6 2. Bb2 b6 3. Nf3 Bb7 4. g3 g6 5. Bg2 Bg7 6. O-O c5 7. c4 O-O 8. d4 cxd4 9. Qxd4 d5 10. cxd5 Qxd5 11. Qh4 Qh5 12. Qxh5 Nxh5 13. Nc3 Na6 14. Rfd1 Rfd8 15. Rac1 Kf8 16. h4 h6 17. Kf1 Rac8 18. Ke1 Rxd1+ 19. Kxd1 Nc5 20. Rc2 Rd8+ 21. Kc1 a5 22.
Nb5 Bxb2+ 23. Kxb2 Nf6 24. Ne1 Rd1 25. Bxb7 Nxb7 26.
Nd3 Ne4 27. Nc3 Nxc3 28. Kxc3 Nd6 29. Kd4 Ke8 30. Ke3 Kd7 31. Ne5+ Ke6 32. Nf3 Nf5+ 33. Ke4 Nd6+ 34. Kf4 Kd7 35. Ne5+ Ke6 36. Nd3 f6 37. Rc6 Rd2 38. Ke3 Rxa2 39. Rxb6 Kf7 40. g4 a4 41. Rb4 axb3 42. Rxb3 Ra4 43. f3 h5 44. gxh5 gxh5 45. f4 Nf5+ 46. Kf2 Nxh4 47.
Rb1 Nf5 48. Kf3 h4 49. e4 Ra3 50. exf5 Rxd3+ 51. Kg4 h3 52. Rh1 Ke8 53. Rxh3 Rd1 54. Rg3 Kd7 55. Kh5 Rd4 56. Rg4 Rd3 57. Kg6 Rd4 58. Kf7 Rd5 59. Kg6 Ra5 60. Rg2 Ra4 61. Rd2+ Ke8 62. Rf2 Ra3 63. Rg2 Rh3 64. Rg4 Rh2 65. Kg7 Rh5 66. Kg6 Rh8 67. Kg7 Rh2 68. Kg6 Kf8 69. Rg3 Rh8 70. Ra3 Rg8+ 71. Kh5 Kf7 72.
Kh4 Rg1 73. Ra4 Rd1 74. Kg4 Rg1+ 75. Kf3 Rh1 76. Ke4 Re1+ 77. Kf3 Rb1 78. Ra8 Rb5 79. Kg4 Rb2 80. Rh8 Rg2+ 81. Kf3 Rg1 82. Rh7+ Kf8 83. Rh8+ Kf7 84. Rh7+ Ke8 85. Rh8+ Kd7 86. Rh2 Rd1 87. Ra2 Rf1+ 88. Ke4 Re1+ 89. Kd5 Ke8 90. Rh2 Kf8 91. Rh7 Kg8 92. Rh2 Kg7 93. Rg2+ Kf7 94. Rh2 Rf1 95. Rh7+ Kf8 96. Ke6 Re1+ 97. Kd7 Rd1+ 98.
Kc7 Rd5 99. Rh5 Kg7 100. Kc6 e6 101. Rh4 Rxf5 102. Kd6 e5 103. fxe5 Rxe5 104. Rg4+ Kf7 105. Rg1 Re2 106. Kd5 f5 107. Kd4 Kf6 108. Rg3 f4 109. Rg8 Kf5 110. Kd3 Re7 111. Rg2 f3 112. Rg1 Kf4 113. Kd2 f2 114. Rg8 Kf3 115. Rf8+ Kg2 116. Rg8+ Kf1 117. Rf8 Re4 118. Rg8 Rh4 119. Rg7 Rh2 120. Rg8 Rg2 121. Rh8 Kg1 0-1

[Event "*** Titled Tuesday Blitz"]
[Site "Chess.com"]
[Date "2019.10.01"]
[Round "3"]
[White "Raja3401"]
[Black "AliKa2810"]
[Result "0-1"]
[WhiteElo "2797"]
[BlackElo "2615"]
[TimeControl "180+2"]
[EndTime "13:31:53 PDT"]
[Termination "AliKa2810 won by resignation"]

1. e4 e6 2. d4 d5 3. Nd2 c5 4. exd5 Qxd5 5. Ngf3 cxd4 6. Bc4 Qd7 7. O-O Nc6 8. Nb3 Nf6 9. Nbxd4 Nxd4 10. Nxd4 a6 11.
Re1 Qc7 12. Bf1 Bd6 13. Nf5 Bxh2+ 14. Kh1 O-O 15. Nxg7 Rd8 16. Qf3 Kxg7 17. Bh6+ Kg6 18. Bd3+ Rxd3 19. Qxd3+ Kxh6 20. Qh3+ Kg7 21. g3 b5 22. Kxh2 Bb7 23. Qh4 Qxc2 24. Qg5+ Qg6 25. Re5 Ng4+ 26. Kg1 Nxe5 27. Qxe5+ Qf6 28. Qc7 Qf3 0-1

[Event "*** Titled Tuesday Blitz"]
[Site "Chess.com"]
[Date "2019.10.01"]
[Round "3"]
[White "FMJoseHerrera"]
[Black "DonBroca"]
[Result "1-0"]
[WhiteElo "2517"]
[BlackElo "2087"]
[TimeControl "180+2"]
[EndTime "13:32:26 PDT"]
[Termination "FMJoseHerrera won by resignation"]

1. Nf3 Nf6 2. g3 g6 3. Bg2 Bg7 4. d3 O-O 5. Nc3 d6 6. h4 h6 7. e4 c5 8. Bf4 Nc6 9. Qd2 Kh7 10. h5 Nxh5 11. Be3 e5 12. O-O-O Rb8 13. Rh4 Bf6 14. Rh2 Bg7 15. Rdh1 Bg4 16. Rh4 Qd7 17.
Nd5 f5 18. exf5 Rxf5 19. Rxg4 1-0

[Event "*** Titled Tuesday Blitz"]
[Site "Chess.com"]
[Date "2019.10.01"]
[Round "3"]
[White "Dr-Bassem"]
[Black "cukus"]
[Result "1-0"]
[WhiteElo "2814"]
[BlackElo "2486"]
[TimeControl "180+2"]
[EndTime "13:32:59 PDT"]
[Termination "Dr-Bassem won by resignation"]

1. e4 e5 2. Nf3 Nf6 3. Nxe5 d6 4. Nf3 Nxe4 5. Nc3 Nxc3 6. dxc3 Be7 7. Be3 O-O 8. Bd3 Nd7 9. Qe2 Nf6 10. O-O-O Re8 11.
Ng5 d5 12. h4 c5 13. Kb1 Bf8 14. Bxh7+ Nxh7 15. Qh5 Nf6 16. Qxf7+ Kh8 17. h5 Qd7 18. Qg6 Rxe3 19. fxe3 Qf5 20. Nf7+ Kg8 21. Nh6+ 1-0

[Event "*** Titled Tuesday Blitz"]
[Site "Chess.com"]
[Date "2019.10.01"]
[Round "3"]
[White "ExploringChess"]
[Black "Roman_Ovetchkin"]
[Result "1/2-1/2"]
[WhiteElo "2811"]
[BlackElo "2668"]
[TimeControl "180+2"]
[EndTime "13:33:10 PDT"]
[Termination "Game drawn by repetition"]

1. e4 c6 2. Nf3 d5 3. Nc3 dxe4 4. Nxe4 Nf6 5. Nxf6+ exf6 6. d4 Bd6 7. Be2 O-O 8. O-O Re8 9. c4 Nd7 10. b3 Nf8 11. h3 Ng6 12. Bd3 Be6 13. Bc2 Qd7 14. Qd3 Rad8 15. Bb2 Bxh3 16. gxh3 Qxh3 17. Qf5 Nf4 18.
Qxh3 Nxh3+ 19. Kg2 Nf4+ 20. Kg1 Nh3+ 21. Kg2 Nf4+ 22.
Kg1 Nh3+ 1/2-1/2

[Event "*** Titled Tuesday Blitz"]
[Site "Chess.com"]
[Date "2019.10.01"]
[Round "3"]
[White "DrMelekess"]
[Black "Babas"]
[Result "1-0"]
[WhiteElo "2727"]
[BlackElo "2468"]
[TimeControl "180+2"]
[EndTime "13:33:37 PDT"]
[Termination "DrMelekess won by resignation"]

1. d4 Nf6 2. Nf3 c5 3. d5 e6 4. Nc3 b5 5. dxe6 fxe6 6. Nxb5 d5 7. c4 a6 8. Nc3 d4 9. Nb1 Nc6 10. g3 e5 11. Bg2 Bd7 12. Ng5 Be7 13. O-O O-O 14.
Nd2 Qc8 15. b3 h6 16. Nge4 Bh3 17. Nxf6+ gxf6 18. e3 Bxg2 19. Kxg2 f5 20. Qh5 Qe6 21.
e4 fxe4 22. Nxe4 Rf5 23. Qxh6 Qf7 24. Qxc6 1-0

[Event "*** Titled Tuesday Blitz"]
[Site "Chess.com"]
[Date "2019.10.01"]
[Round "3"]
[White "Rakesh"]
[Black "ckgchess"]
[Result "0-1"]
[WhiteElo "2434"]
[BlackElo "2713"]
[TimeControl "180+2"]
[EndTime "13:33:41 PDT"]
[Termination "ckgchess won by resignation"]

1. e4 c5 2. c3 d5 3. exd5 Qxd5 4.
d4 Nf6 5. Nf3 Nc6 6. Be3 cxd4 7.
cxd4 e6 8. a3 Be7 9. Nc3 Qd8 10.
Bd3 O-O 11. O-O b6 12. Qe2 Bb7 13. Rad1 g6 14. Bb1 Nd5 15. Ne4 Bf6 16. Bh6 Bg7 17. Bxg7 Kxg7 18. Nfg5 Qe7 19. Qg4 f5 20. Qh3 h6 21. Nxe6+ Qxe6 22. Rfe1 Rae8 23. Ba2 Nd8 0-1

[Event "*** Titled Tuesday Blitz"]
[Site "Chess.com"]
[Date "2019.10.01"]
[Round "3"]
[White "WiktoriaPOL"]
[Black "vovachesss"]
[Result "0-1"]
[WhiteElo "2219"]
[BlackElo "2539"]
[TimeControl "180+2"]
[EndTime "13:33:52 PDT"]
[Termination "vovachesss won by resignation"]

1. c4 Nf6 2. Nc3 d6 3. g3 h5 4.
h4 g6 5. Bg2 Bg7 6. d3 O-O 7.
e4 c5 8. Nge2 Nc6 9. f4 Ng4 10.
O-O Nd4 11. Bd2 a6 12. Qc1 Rb8 13. Be3 Nxe3 14. Qxe3 Nc2 15. Qd2 Nxa1 16. Rxa1 b5 17.
cxb5 axb5 18. Rf1 e6 19. f5 exf5 20. exf5 Bxf5 21. Nf4 c4 22. dxc4 bxc4 23. Nxh5 Bd3 24. Nxg7 Bxf1 25. Bxf1 Kxg7 26. Qd4+ Qf6 27. Qxc4 Rxb2 28.
Ne4 Qe5 29. Bg2 d5 0-1

[Event "*** Titled Tuesday Blitz"]
[Site "Chess.com"]
[Date "2019.10.01"]
[Round "3"]
[White "filali-marouan"]
[Black "FearNoEvil12"]
[Result "1-0"]
[WhiteElo "2331"]
[BlackElo "2024"]
[TimeControl "180+2"]
[EndTime "13:33:53 PDT"]
[Termination "filali-marouan won by resignation"]

1. e4 a6 2. d4 b5 3. Nf3 Bb7 4. d5 e6 5. c4 bxc4 6. Bxc4 Nf6 7. Nc3 Be7 8. O-O O-O 9. Bf4 exd5 10. exd5 d6 11. Rc1 Re8 12. Nh4 Nbd7 13. Nf5 Bf8 14. Qf3 g6 15. Nd4 Ne5 16. Bxe5 dxe5 17. Nb3 Bg7 18.
Rcd1 Qe7 19. Na5 Bc8 20. d6 e4 21. dxe7 exf3 22. Rd8 Bg4 23. Rfd1 fxg2 24. Rxa8 Bxd1 25. Rxe8+ Nxe8 26. Nxd1 Bf6 27. Nc6 1-0

[Event "*** Titled Tuesday Blitz"]
[Site "Chess.com"]
[Date "2019.10.01"]
[Round "3"]
[White "cherryandmint"]
[Black "Parhamov"]
[Result "1/2-1/2"]
[WhiteElo "2765"]
[BlackElo "3027"]
[TimeControl "180+2"]
[EndTime "13:33:56 PDT"]
[Termination "Game drawn by agreement"]

1. e4 e5 2. Nf3 Nc6 3. Bc4 Bc5 4. O-O Nf6 5. d3 d6 6. c3 a5 7. Bb3 O-O 8. Re1 h6 9. h3 Re8 10. Nbd2 Be6 11. Nf1 b5 12. a4 Bxb3 13. Qxb3 b4 14.
Be3 Bxe3 15. Nxe3 Rb8 16. Qc4 Qd7 17. Nd5 Nxd5 18. exd5 Ne7 19. d4 c6 20. dxe5 Nxd5 21.
Rad1 bxc3 22. bxc3 Nb6 23. Qa6 d5 24. Qxa5 Qe7 25.
Qb4 Qxb4 26. cxb4 Nxa4 27. Nd4 Nc3 28. Rc1 Rxb4 29. Rxc3 Rxd4 30. Rxc6 Kf8 31. Rd6 Re4 32. Rd1 R8xe5 33. R6xd5 Rxd5 34. Rxd5 1/2-1/2

[Event "*** Titled Tuesday Blitz"]
[Site "Chess.com"]
[Date "2019.10.01"]
[Round "3"]
[White "Bathory44"]
[Black "akretchetov"]
[Result "1-0"]
[WhiteElo "2603"]
[BlackElo "2367"]
[TimeControl "180+2"]
[EndTime "13:33:57 PDT"]
[Termination "Bathory44 won by resignation"]

1. e4 e5 2. Nf3 Nc6 3. Bb5 g6 4.
d4 exd4 5. c3 d3 6. O-O Bg7 7. Bg5 Nge7 8. Qxd3 O-O 9. Nbd2 a6 10.
Bxc6 bxc6 11. e5 f6 12. exf6 Bxf6 13. Rfe1 d6 14. Ne4 Bxg5 15. Nexg5 Bf5 16. Qc4+ Kg7 17.
Nd4 Qd7 18. Nde6+ Bxe6 19. Nxe6+ Kg8 20. Nc5+ 1-0

[Event "*** Titled Tuesday Blitz"]
[Site "Chess.com"]
[Date "2019.10.01"]
[Round "3"]
[White "DanielNaroditsky"]
[Black "smshk35"]
[Result "1-0"]
[WhiteElo "3018"]
[BlackElo "2373"]
[TimeControl "180+2"]
[EndTime "13:33:58 PDT"]
[Termination "DanielNaroditsky won by resignation"]

1. e4 c5 2. Nf3 Nc6 3. Bb5 e6 4. O-O Nge7 5. b3 a6 6. Bxc6 Nxc6 7. Bb2 d6 8. d4 cxd4 9. Nxd4 e5 10. Ne2 Be7 11. c4 O-O 12. Nbc3 Be6 13. Ng3 g6 14. Nd5 Rc8 15. f4 f6 16. f5 Bf7 17. fxg6 hxg6 18. Qg4 Kh7 19. Rf3 Bxd5 20. Nf5 Qe8 21. cxd5 Nb4 22. Rh3+ Kg8 23. Qh4 1-0

[Event "*** Titled Tuesday Blitz"]
[Site "Chess.com"]
[Date "2019.10.01"]
[Round "3"]
[White "Orest_Vovk"]
[Black "Svet99"]
[Result "1-0"]
[WhiteElo "2401"]
[BlackElo "2168"]
[TimeControl "180+2"]
[EndTime "13:33:59 PDT"]
[Termination "Orest_Vovk won by resignation"]

1. d4 Nf6 2. Nf3 e6 3. Bg5 b6 4. e4 Be7 5. e5 Nd5 6. Bxe7 Nxe7 7. Bd3 Bb7 8. Nbd2 c5 9. c3 Na6 10. Qe2 Nc7 11. Ne4 Bxe4 12. Bxe4 Rb8 13. O-O O-O 14. Rad1 d6 15. Bxh7+ Kxh7 16. Ng5+ Kh6 17. Rd3 Nf5 18.
Rh3+ Kxg5 19. Qh5+ Kf4 20. Re1 1-0

[Event "*** Titled Tuesday Blitz"]
[Site "Chess.com"]
[Date "2019.10.01"]
[Round "3"]
[White "maciek_92"]
[Black "CastleOasisChess"]
[Result "1-0"]
[WhiteElo "2849"]
[BlackElo "2008"]
[TimeControl "180+2"]
[EndTime "13:34:05 PDT"]
[Termination "maciek_92 won by resignation"]

1. c4 e6 2. Nf3 d5 3. d4 c6 4. Nc3 f5 5. Bf4 Bd6 6. Ne5 Nf6 7. e3 O-O 8. c5 Bc7 9. Nd3 Nbd7 10. Bxc7 Qxc7 11. f4 Ne4 12. Be2 Ndf6 13. O-O Bd7 14.
Ne5 Be8 15. Nxe4 Nxe4 16. b4 a6 17. a4 Nc3 18. Qd2 Nxe2+ 19. Qxe2 Qe7 20. Kh1 Kh8 21. g4 Qh4 22. Rg1 fxg4 23. Rxg4 Qh3 24. Rag1 Bh5 25. Rxg7 Bxe2 26. Rg8+ 1-0

[Event "*** Titled Tuesday Blitz"]
[Site "Chess.com"]
[Date "2019.10.01"]
[Round "3"]
[White "1stSecond"]
[Black "googlegoom"]
[Result "1-0"]
[WhiteElo "2844"]
[BlackElo "2496"]
[TimeControl "180+2"]
[EndTime "13:34:16 PDT"]
[Termination "1stSecond won by resignation"]

1. d4 d5 2. c4 c6 3. Nf3 Nf6 4. e3 e6 5. Nc3 Nbd7 6. Qc2 Bd6 7. g4 Nxg4 8. Rg1 Nxh2 9. Nxh2 Bxh2 10. Rxg7 Nf8 11.
Rg2 Bd6 12. e4 dxe4 13. Bg5 Be7 14. Bxe7 Qxe7 15. O-O-O f5 16. d5 cxd5 17. cxd5 Bd7 18.
dxe6 Bxe6 19. Nd5 Bxd5 20. Rxd5 a6 21. Qc3 Qe6 22. Re5 1-0

[Event "*** Titled Tuesday Blitz"]
[Site "Chess.com"]
[Date "2019.10.01"]
[Round "3"]
[White "PNEPaul"]
[Black "benhal"]
[Result "0-1"]
[WhiteElo "1868"]
[BlackElo "2308"]
[TimeControl "180+2"]
[EndTime "13:34:27 PDT"]
[Termination "benhal won by resignation"]

1. e4 c5 2. d4 cxd4 3. c3 Nf6 4. e5 Nd5 5. Nf3 e6 6. Bd3 dxc3 7. bxc3 d6 8. exd6 Bxd6 9. O-O Nc6 10. Qe2 Nf6 11. Bg5 h6 12. Bh4 O-O 13. Nbd2 Be7 14. Rad1 Qa5 15. Bxf6 Bxf6 16. Ne4 Be7 17. Bb1 f5 18.
Ng3 Qxc3 19. Nh5 e5 20. Rc1 Qa5 21. Qc4+ Kh8 22. Rfd1 e4 23. Nd4 Ne5 24. Qb3 Bg5 25.
Ne6 Bxe6 26. Qxe6 Bxc1 27. Rxc1 Rad8 28. Nf4 Qd2 0-1

[Event "*** Titled Tuesday Blitz"]
[Site "Chess.com"]
[Date "2019.10.01"]
[Round "3"]
[White "dmosesov"]
[Black "fidetrainerNET"]
[Result "1-0"]
[WhiteElo "2558"]
[BlackElo "2266"]
[TimeControl "180+2"]
[EndTime "13:34:28 PDT"]
[Termination "dmosesov won by resignation"]

1. d4 c5 2. d5 e5 3. e4 d6 4.
Nc3 Be7 5. Bb5+ Nd7 6. a4 Nf6 7. Nf3 O-O 8. O-O Kh8 9. h3 Ng8 10. Bd3 a6 11. Nd2 Rb8 12. Nc4 b5 13. axb5 axb5 14.
Na5 c4 15. Nc6 cxd3 16. Nxd8 dxc2 17. Nxf7+ Rxf7 18. Qxc2 Nc5 19. Be3 b4 20. Ne2 Nf6 21. Ng3 Bf8 22. Rfd1 b3 23. Qc4 Bd7 24. Bxc5 dxc5 25.
d6 Kg8 26. Ra7 Rb4 27. Qxc5 Rb5 28. Qc4 g6 29. Rxd7 Nxd7 30. Qxb5 1-0

[Event "*** Titled Tuesday Blitz"]
[Site "Chess.com"]
[Date "2019.10.01"]
[Round "3"]
[White "MITerryble"]
[Black "albi1999"]
[Result "1-0"]
[WhiteElo "2846"]
[BlackElo "2527"]
[TimeControl "180+2"]
[EndTime "13:34:31 PDT"]
[Termination "MITerryble won by resignation"]

1. e4 e5 2. Nf3 Nc6 3. c3 Nf6 4. d4 Nxe4 5. d5 Bc5 6. dxc6 Bxf2+ 7. Ke2 Bb6 8. Qd5 Nf2 9. Rg1 O-O 10. cxb7 Bxb7 11. Qxb7 Qf6 12. Nbd2 e4 13. Nd4 e3 14. N2f3 c5 15. Nc2 Rfe8 16. Qd5 Qg6 17. Nxe3 Ng4 18.
Qd3 Nxe3 19. Bxe3 Rxe3+ 20. Qxe3 Qc2+ 21. Ke1 c4 22. Nd4 Qxb2 23. Rd1 1-0

[Event "*** Titled Tuesday Blitz"]
[Site "Chess.com"]
[Date "2019.10.01"]
[Round "3"]
[White "tteshan"]
[Black "JozefKneht"]
[Result "1-0"]
[WhiteElo "2260"]
[BlackElo "2478"]
[TimeControl "180+2"]
[EndTime "13:34:34 PDT"]
[Termination "tteshan won by resignation"]

1. e4 e5 2. Nf3 Nc6 3. d4 exd4 4. Nxd4 Bc5 5. Nb3 Bb6 6. Nc3 Nf6 7. Qe2 a5 8. a4 d6 9. Be3 Bxe3 10. Qxe3 O-O 11. O-O-O Re8 12. f3 Be6 13. Nd4 Nxd4 14.
Qxd4 Nd7 15. f4 Qf6 16. f5 Bxf5 17. exf5 Qxf5 18. Bd3 Qg5+ 19. Kb1 Nc5 20. h4 Qg3 21. Rh3 Qxg2 22. Rhh1 Re5 23. Rdg1 Qc6 24. Bb5 Ne6 25.
Qxe5 dxe5 26. Bxc6 bxc6 27. Re1 f6 28. Rhg1 Kf7 29. h5 Rb8 30. Ne4 Rb4 31. b3 c5 32. Nd2 Rh4 33. Rh1 Rg4 34. Nc4 e4 35. Nxa5 f5 36. Nc4 g5 37. Ne5+ 1-0

[Event "*** Titled Tuesday Blitz"]
[Site "Chess.com"]
[Date "2019.10.01"]
[Round "3"]
[White "Sashadav97"]
[Black "JussupowFan"]
[Result "1-0"]
[WhiteElo "2533"]
[BlackElo "2208"]
[TimeControl "180+2"]
[EndTime "13:34:35 PDT"]
[Termination "Sashadav97 won by resignation"]

1. d4 Nf6 2. c4 e6 3. Nc3 Bb4 4.
Qc2 d5 5. Nf3 dxc4 6. e3 b5 7. a4 c6 8. Bd2 Bb7 9. axb5 Bxc3 10.
Bxc3 cxb5 11. b3 a5 12. bxc4 b4 13. Bb2 O-O 14. Bd3 Nbd7 15. O-O Ra7 16. e4 Qa8 17. e5 Ng4 18. Bxh7+ Kh8 19. d5 exd5 20. Bf5 dxc4 21. Bxg4 c3 22. Ng5 g6 23. Bxc3 Qc8 24. Bxd7 Qxd7 1-0

[Event "*** Titled Tuesday Blitz"]
[Site "Chess.com"]
[Date "2019.10.01"]
[Round "3"]
[White "Faustregel"]
[Black "Macron20hTF1"]
[Result "1-0"]
[WhiteElo "2568"]
[BlackElo "2268"]
[TimeControl "180+2"]
[EndTime "13:34:46 PDT"]
[Termination "Faustregel won by resignation"]

1. e4 c5 2. Nf3 d6 3. d4 cxd4 4. Nxd4 Nf6 5. Nc3 a6 6. Bg5 Nbd7 7. f4 Qc7 8. Qf3 h6 9. Bxf6 Nxf6 10. f5 e5 11.
fxe6 fxe6 12. O-O-O Be7 13. Qh3 e5 14. Ne6 Bxe6 15.
Qxe6 Qd7 16. Qb3 b5 17. Be2 Rb8 18. a3 Bd8 19. Rhf1 Bb6 20. Kb1 Bd4 21. Nd5 Qf7 22. Rxf6 1-0

[Event "*** Titled Tuesday Blitz"]
[Site "Chess.com"]
[Date "2019.10.01"]
[Round "3"]
[White "Nbk90"]
[Black "BlueWizzard"]
[Result "0-1"]
[WhiteElo "2492"]
[BlackElo "2828"]
[TimeControl "180+2"]
[EndTime "13:34:55 PDT"]
[Termination "BlueWizzard won by resignation"]

1. d4 Nf6 2. c4 c5 3. d5 g6 4. Nc3 Bg7 5. e4 O-O 6. h3 Na6 7.
Nf3 Nc7 8. e5 Nfe8 9. Bf4 d6 10. Qd2 b5 11. Be2 bxc4 12. O-O Rb8 13.
Bxc4 Ba6 14. Bxa6 Nxa6 15. Rfe1 Nac7 16. Rad1 Rb4 17. b3 Nb5 18. Nxb5 Rxb5 19. Bh6 Qa5 20. exd6 Qxd2 21. Bxd2 exd6 22. Re7 a5 23. Ra7 Nf6 24. Bxa5 Re8 25. Bc3 Ne4 26. Bxg7 Kxg7 27. Re1 Rbb8 28.
Re3 g5 29. g4 Kg6 30. Kg2 Nf6 31. Rd3 h5 32. gxh5+ Nxh5 33. Ra6 Nf4+ 34. Kg3 Nxd3 35. Rxd6+ Kf5 0-1

[Event "*** Titled Tuesday Blitz"]
[Site "Chess.com"]
[Date "2019.10.01"]
[Round "3"]
[White "ShahMatKanal"]
[Black "HanSchut"]
[Result "0-1"]
[WhiteElo "2438"]
[BlackElo "2214"]
[TimeControl "180+2"]
[EndTime "13:34:55 PDT"]
[Termination "HanSchut won by resignation"]

1. e4 c5 2. Nf3 d6 3. Bb5+ Nd7 4. c4 Nf6 5. Nc3 e6 6. O-O Be7 7. d4 O-O 8. d5 e5 9. Ba4 Nh5 10. Bxd7 Bxd7 11. Nxe5 dxe5 12. Qxh5 f5 13. exf5 Rxf5 14. Qe2 Qe8 15. Ne4 Qg6 16. f3 Rf7 17. Be3 b6 18. a3 Raf8 19. b4 cxb4 20. axb4 Bf5 21. Bd2 a5 22. bxa5 Bxe4 23. Qxe4 Qxe4 24. fxe4 Bc5+ 25.
Rf2 Rxf2 0-1

[Event "*** Titled Tuesday Blitz"]
[Site "Chess.com"]
[Date "2019.10.01"]
[Round "3"]
[White "Zubrrr"]
[Black "VladDobrov"]
[Result "0-1"]
[WhiteElo "2690"]
[BlackElo "2951"]
[TimeControl "180+2"]
[EndTime "13:34:56 PDT"]
[Termination "VladDobrov won by resignation"]

1. c4 Nf6 2. g3 c6 3. Bg2 d5 4. Nf3 g6 5. b3 Bg7 6. Bb2 O-O 7. O-O a5 8. d3 a4 9. b4 Re8 10. a3 Nbd7 11. cxd5 cxd5 12. Nc3 Nb6 13. Ne5 Nfd7 14. Nxd7 Bxd7 15. Qd2 e6 16. Rac1 Rc8 17. e3 Qe7 18.
Ne2 e5 19. Rxc8 Rxc8 20. Rc1 Rxc1+ 21. Qxc1 Bg4 22. Nc3 Qd7 23. Qc2 h5 24. h4 Be6 25. Bf3 Qc7 26. Qc1 Qc6 27. Ne2 e4 28. Qxc6 bxc6 29. dxe4 Bxb2 0-1

[Event "*** Titled Tuesday Blitz"]
[Site "Chess.com"]
[Date "2019.10.01"]
[Round "3"]
[White "alishersuleymenov"]
[Black "Micki-taryan"]
[Result "0-1"]
[WhiteElo "2700"]
[BlackElo "2955"]
[TimeControl "180+2"]
[EndTime "13:34:58 PDT"]
[Termination "Micki-taryan won by resignation"]

1. d4 Nf6 2. Nf3 e6 3. Bf4 b6 4.
e3 Bb7 5. Nbd2 Bd6 6. Bg3 Nc6 7. c3 Ne7 8. Bd3 O-O 9. e4 Bxg3 10. hxg3 d6 11. Qe2 Ng6 12. e5 dxe5 13. dxe5 Nd7 14.
Qe3 Qe7 15. Bxg6 fxg6 16. O-O-O Rad8 17. Ne4 h6 18. Rd4 Bd5 19. a3 Nc5 20. Nxc5 bxc5 21. Rd2 Rb8 22. Nh4 Qf7 23. f4 Rb3 24. Qxc5 Rfb8 25. Nf3 R8b5 26. Qxa7 Qf5 27. Nd4 Rxc3+ 28. Kd1 Qb1+ 29. Ke2 Qxh1 30. bxc3 Qxg2+ 31. Kd1 Qf1+ 0-1

[Event "*** Titled Tuesday Blitz"]
[Site "Chess.com"]
[Date "2019.10.01"]
[Round "3"]
[White "wonderfultime"]
[Black "TheFireChess"]
[Result "1-0"]
[WhiteElo "2954"]
[BlackElo "2506"]
[TimeControl "180+2"]
[EndTime "13:34:58 PDT"]
[Termination "wonderfultime won by resignation"]

1. c4 f5 2. g3 Nf6 3. Bg2 g6 4. Nc3 Bg7 5. Nf3 d6 6. O-O O-O 7. Rb1 a5 8. a3 e5 9. d3 Nc6 10.
b4 h6 11. c5 g5 12. b5 Ne7 13. b6 cxb6 14. Qb3+ d5 15. cxb6 e4 16. dxe4 fxe4 17.
Nd4 Kh8 18. Bb2 Qe8 19. Ncb5 Bd7 20. Nc7 Qh5 21. f3 a4 22. Qb4 Nc6 23. Nxc6 Bxc6 24. Nxa8 Rxa8 25. fxe4 Ng4 26. Bxg7+ Kxg7 27. h3 Ne3 28.
Qc3+ 1-0

[Event "*** Titled Tuesday Blitz"]
[Site "Chess.com"]
[Date "2019.10.01"]
[Round "3"]
[White "beccrajoy"]
[Black "DeGrootteZ"]
[Result "0-1"]
[WhiteElo "1775"]
[BlackElo "2666"]
[TimeControl "180+2"]
[EndTime "13:35:09 PDT"]
[Termination "DeGrootteZ won by checkmate"]

1. e4 c5 2. Nf3 e6 3. d4 cxd4 4. Nxd4 Nc6 5. Nc3 Qc7 6. Be3 a6 7. Qd2 Nf6 8. f3 Be7 9. g4 b5 10. g5 Nh5 11. Be2 Bb7 12. f4 Nxd4 13. Bxh5 Nc6 14.
O-O-O Na5 15. Be2 Rc8 16. a3 b4 17. axb4 Bxb4 18. Bd4 O-O 19. h4 d6 20. Bxg7 Bxe4 21. Rhg1 Nb3+ 22. cxb3 Qa5 23. Qd4 Qa1+ 24. Kd2 Qxb2+ 25.
Ke3 Bc5 26. Nxe4 e5 27. Nxc5 exd4+ 28. Bxd4 Rfe8+ 29. Ne4 Rxe4+ 30. Kxe4 Qxe2+ 31. Kf5 Qe6# 0-1

[Event "*** Titled Tuesday Blitz"]
[Site "Chess.com"]
[Date "2019.10.01"]
[Round "3"]
[White "Saloni1299"]
[Black "Godzillator"]
[Result "1-0"]
[WhiteElo "2050"]
[BlackElo "2386"]
[TimeControl "180+2"]
[EndTime "13:35:12 PDT"]
[Termination "Saloni1299 won by checkmate"]

1. e4 c6 2. d4 d5 3. e5 Bf5 4. h4 h5 5. Bd3 Bxd3 6. Qxd3 e6 7. Bg5 Be7 8. Nf3 Nh6 9. Nc3 Nf5 10. Ne2 c5 11. c3 Nd7 12. Ng3 Nxg3 13. fxg3 Qb6 14.
O-O cxd4 15. cxd4 Bxg5 16. Nxg5 Nxe5 17. Qd2 f6 18. Nxe6 Qxe6 19. dxe5 fxe5 20. Rac1 Rf8 21. Rfe1 Rf5 22. Qb4 Qb6+ 23. Qxb6 axb6 24. Rc7 Rxa2 25. Rxb7 Rxb2 26. Rc1 Kd8 27. Ra1 Rc2 28. Rxg7 Rf8 29.
Raa7 Kc8 30. Ra8# 1-0

[Event "*** Titled Tuesday Blitz"]
[Site "Chess.com"]
[Date "2019.10.01"]
[Round "3"]
[White "MasterKroket"]
[Black "gui_borba"]
[Result "0-1"]
[WhiteElo "2433"]
[BlackElo "2285"]
[TimeControl "180+2"]
[EndTime "13:35:16 PDT"]
[Termination "gui_borba won by resignation"]

1. d4 Nf6 2. c4 e6 3. Nf3 d5 4. Nc3 a6 5. c5 b6 6. b4 a5 7.
a3 axb4 8. Nb5 bxc5 9. Bf4 Na6 10. axb4 Bd7 11. e3 c4 12. Qa4 Bxb4+ 13. Qxb4 Nxb4 14.
Rxa8 Qxa8 15. Nxc7+ Ke7 16. Nxa8 Rxa8 17. Kd2 Ne4+ 18.
Kc1 c3 19. Bd3 Ra1+ 20. Bb1 c2 21. Kb2 Rxb1+ 22. Rxb1 cxb1=Q+ 23. Kxb1 Nxf2 24. Kb2 Nbd3+ 25. Kc3 Nxf4 26. exf4 Ne4+ 27. Kb4 f6 28. Ne1 Kd6 29. Nd3 Bc8 30. g3 Ba6 31. Nb2 Kc6 32. Na4 Bb5 33.
Nc5 Nxc5 34. dxc5 e5 35. fxe5 fxe5 36. g4 e4 37. g5 d4 38. g6 hxg6 0-1

[Event "*** Titled Tuesday Blitz"]
[Site "Chess.com"]
[Date "2019.10.01"]
[Round "3"]
[White "Konavets"]
[Black "johnathan113"]
[Result "1-0"]
[WhiteElo "2956"]
[BlackElo "2705"]
[TimeControl "180+2"]
[EndTime "13:35:19 PDT"]
[Termination "Konavets won by resignation"]

1. c4 Nf6 2. Nc3 g6 3. e4 d6 4. d4 Bg7 5. Be2 O-O 6. Be3 Nbd7 7. Nf3 e5 8. d5 Ng4 9. Bg5 f6 10. Bh4 a5 11. Nd2 Nh6 12. f3 Nf7 13. O-O Bh6 14.
Bf2 f5 15. Qc2 Nf6 16. a3 Nh5 17. g3 Ng5 18. Kh1 Nh3 19. Be1 Bd7 20. c5 Qe7 21.
Qb3 Rab8 22. cxd6 cxd6 23. Qb6 Rf6 24. Nc4 Ng5 25. exf5 gxf5 26. f4 exf4 27. Bxh5 Ne4 28. gxf4 Kh8 29. Bh4 Bg7 30. Bxf6 Qxf6 31. Nxe4 fxe4 32.
Qxd6 1-0

[Event "*** Titled Tuesday Blitz"]
[Site "Chess.com"]
[Date "2019.10.01"]
[Round "3"]
[White "LazarusChess92"]
[Black "comsac"]
[Result "0-1"]
[WhiteElo "2530"]
[BlackElo "2281"]
[TimeControl "180+2"]
[EndTime "13:35:24 PDT"]
[Termination "comsac won by resignation"]

1. d4 d5 2. Nf3 e6 3. c4 Nf6 4.
g3 Be7 5. Bg2 O-O 6. Nc3 b6 7.
cxd5 Nxd5 8. Nxd5 exd5 9. O-O Be6 10. Bf4 Nd7 11. Rc1 c5 12. Qa4 Qc8 13. dxc5 bxc5 14. Ne5 Nxe5 15. Bxe5 Qb7 16. b3 a5 17. Rfd1 Rfd8 18.
Bc3 Qa6 19. e3 Bd7 20. Qf4 Bc6 21. Qg5 Bxg5 0-1